 Dungeon Crawl Stone Soup version 0.25.1-2-g60ff931df9 (webtiles) character file.

Game seed: 12704110620252297810

1257 DayCrawler the Geomancer (level 8, -2/64 HPs)
             Began as a Deep Dwarf Earth Elementalist on Oct 15, 2020.
             Was a Believer of Kikubaaqudgha.
             Slain by a hippogriff (6 damage)
             ... on level 6 of the Dungeon.
             The game lasted 00:43:19 (4963 turns).

DayCrawler the Geomancer (DDEE)                     Turns: 4963, Time: 00:43:19

Health: -2/64      AC:  7    Str: 12    XL:     8   Next: 27%
Magic:  16/16      EV: 11    Int: 18    God:    Kikubaaqudgha [**....]
Gold:   201        SH:  5    Dex: 13    Spells: 17/19 levels left

rFire    + . .     SeeInvis .   h - +2 dagger
rCold    . . .     Gourm    .   (no shield)
rNeg     . . .     Faith    .   i - +2 ring mail {MR+}
rPois    .         Spirit   .   (no helmet)
rElec    .         Reflect  +   (no cloak)
rCorr    +         Harm     .   (no gloves)
MR       ++...                  (no boots)
Stlth    ++........             f - amulet of reflection
HPRegen  0.00/turn              p - ring of resist corrosion
MPRegen  0.15/turn              x - ring of protection from fire

@: non-regenerating, studying Maces & Flails
A: damage resistance, heal wounds, sense surroundings 1, no regeneration
a: Heal Wounds, Receive Corpses, Renounce Religion


You were on level 6 of the Dungeon.
You worshipped Kikubaaqudgha.
Kikubaaqudgha was pleased with you.
You were not hungry.

You visited 1 branch of the dungeon, and saw 6 of its levels.

You collected 201 gold pieces.

Inventory:

Hand Weapons
 h - a +2 dagger (weapon)
 v - a +0 dagger of venom
 A - a +3 dagger
Armour
 c - a +0 robe
 i - a +2 ring mail of magic resistance (worn)
Jewellery
 f - an amulet of reflection (around neck)
 p - a ring of resist corrosion (left hand)
 x - a ring of protection from fire (right hand)
 z - a +4 ring of evasion {unknown}
Wands
 k - a wand of polymorph (9)
 r - a wand of iceblast (9)
 s - a wand of clouds (6)
Scrolls
 b - 5 scrolls of remove curse
 j - a scroll of immolation {unknown}
 m - a scroll of magic mapping {unknown}
 o - 2 scrolls of teleportation
 y - 2 scrolls of identify
Potions
 e - a potion of stabbing {unknown}
 l - 2 potions of haste
 n - 3 potions of heal wounds {unknown}
 q - 3 potions of ambrosia {unknown}
 t - a potion of might {unknown}
 w - a potion of cancellation {unknown}
Books
 u - a manual of Maces & Flails
Comestibles
 a - 9 chunks of flesh
 d - 8 rations


   Skills:
 + Level 1.1 Fighting
 + Level 1.1 Short Blades
 + Level 2.4 Armour
 + Level 2.9 Dodging
 + Level 2.9 Stealth
 + Level 6.0 Spellcasting
 + Level 1.3 Summonings
   Level 0.8 Transmutations
 + Level 8.3 Earth Magic


You had 17 spell levels left.
You knew the following spells:

 Your Spells              Type           Power        Failure   Level  Hunger
a - Sandblast             Erth           #####.       1%          1    None
b - Summon Small Mammal   Summ           ##..         16%         1    None

Your spell library contained the following spells:

 Spells                   Type           Power        Failure   Level  Hunger
 Passwall                 Tmut/Erth      ###.....     6%          2    None
 Stone Arrow              Conj/Erth      ###...       14%         3    ##.....
 Lee's Rapid Deconstruct  Erth           #####.....   24%         5    #####..
 Animate Skeleton         Necr           N/A          26%         1    None
 Apportation              Tloc           #.....       26%         1    None
 Corona                   Hex            #......      26%         1    None
 Pain                     Necr           #...         26%         1    None
 Corpse Rot               Necr/Air       N/A          36%         2    None
 Sublimation of Blood     Necr           #.........   36%         2    None
 Petrify                  Tmut/Erth      ###.....     36%         4    ####...
 Vampiric Draining        Necr           #.........   61%         3    ##.....


Dungeon Overview and Level Annotations

Branches:
Dungeon (6/15)
 Temple: D:4-7

Altars:
Fedhas
Kikubaaqudgha
Uskayaw


Innate Abilities, Weirdness & Mutations

You are resistant to damage.
You can heal yourself by infusing magical energy.
You passively map a small area around you.
You do not regenerate.


Message History

The hippogriff bites you but does no damage.
The hippogriff closely misses you. The hippogriff claws you.
You closely miss the hippogriff.
The hippogriff is moderately wounded.
The hippogriff bites you!
* * * LOW HITPOINT WARNING * * *
The hippogriff pecks you but does no damage.
The hippogriff claws you.
* * * LOW HITPOINT WARNING * * *
You hit the hippogriff.
The hippogriff is moderately wounded.
The hippogriff bites you but does no damage.
The hippogriff pecks you.
* * * LOW HITPOINT WARNING * * *
The hippogriff claws you but does no damage.
You hit the hippogriff.
The hippogriff is moderately wounded.
The hippogriff bites you!
You die...
Kikubaaqudgha rasps: "You have failed me!
Welcome... death!"

, , , *#.. .........#. . * ,, *
##.. ......#....#* . # ≈,≈, #..#
.....##..#..##. .., ,,
#.##.....##......<. ...,
*#.................. .... ≈ 8
#.##...........###.. #.... ≈,
,###))...........*#..
......#######.#)............##..
*#.....[......H@...[............
###.$##).............[.........
###.##[................##....
#......................#....
##..........................
##...#<....#............#..
#...#........##.....##.#..
#............##....######.
#............###..## #


You could see a hippogriff.

Vanquished Creatures
  4 ogres (D:4)
  2 sky beasts
  2 phantoms
  A bullfrog (D:6)
  A water moccasin zombie (D:5)
  A hound (D:6)
  An orc priest (D:6)
  An orc wizard (D:6)
  2 bullfrog skeletons
  A centaur skeleton (D:4)
  2 worker ants (D:4)
  Natasha (thrice) (D:4)
  A killer bee zombie (D:5)
  4 adders
  A shadow imp (D:5)
  An adder zombie (D:5)
  A worm (D:2)
  2 dart slugs
  3 leopard geckos
  6 orcs
  7 giant cockroaches
  6 goblins
  10 hobgoblins
  4 jackals (D:4)
  9 kobolds
  2 quokkas
  5 bats
  7 frilled lizards
  A quokka zombie (D:5)
  8 rats
99 creatures vanquished.

Vanquished Creatures (collateral kills)
  A jackal skeleton (D:5)
1 creature vanquished.

Grand Total: 100 creatures vanquished

Notes
Turn   | Place    | Note
-------+----------+-------------------------------------------
     0 | D:1      | DayCrawler the Deep Dwarf Earth Elementalist began the
                  | quest for the Orb.
     0 | D:1      | Reached XP level 1. HP: 15/15 MP: 3/3
   173 | D:1      | Reached XP level 2. HP: 22/22 MP: 1/5
   819 | D:1      | Reached XP level 3. HP: 25/28 MP: 1/5
  1463 | D:2      | Learned a level 3 spell: Stone Arrow
  1525 | D:2      | Reached skill level 5 in Earth Magic
  1672 | D:2      | Found a faded altar of an unknown god.
  1676 | D:2      | Became a worshipper of Kikubaaqudgha
  1676 | D:2      | Reached * piety under Kikubaaqudgha
  1676 | D:2      | Identified Kikubaaqudgha's Grimoire of Black Rites
                  | (Kikubaaqudgha gifted it to you on level 2 of the Dungeon)
  1676 | D:2      | Received a gift from Kikubaaqudgha
  2285 | D:3      | Reached XP level 4. HP: 36/37 MP: 3/6
  3097 | D:4      | Reached skill level 1 in Short Blades
  3157 | D:4      | Noticed Natasha
  3165 | D:4      | Killed Natasha
  3165 | D:4      | Reached skill level 1 in Armour
  3165 | D:4      | Reached XP level 5. HP: 42/43 MP: 3/8
  3253 | D:4      | Noticed an ogre
  3259 | D:4      | Killed an ogre
  3304 | D:4      | Noticed Natasha
  3383 | D:4      | Reached XP level 6. HP: 49/50 MP: 6/10
  3525 | D:4      | Reached skill level 6 in Earth Magic
  3677 | D:4      | Reached XP level 7. HP: 52/56 MP: 8/13
  3700 | D:4      | Reached skill level 7 in Earth Magic
  3704 | D:4      | Reached ** piety under Kikubaaqudgha
  3707 | D:4      | Reached skill level 5 in Spellcasting
  3841 | D:4      | Found a blossoming altar of Fedhas.
  3857 | D:4      | Killed Natasha
  3937 | D:4      | Noticed Natasha
  3942 | D:4      | Killed Natasha
  3942 | D:4      | Reached skill level 1 in Fighting
  3960 | D:5      | Entered Level 5 of the Dungeon
  4266 | D:5      | Learned a level 1 spell: Summon Small Mammal
  4297 | D:5      | Reached XP level 8. HP: 58/64 MP: 9/15
  4663 | D:5      | Found a hide-covered altar of Uskayaw.
  4820 | D:6      | Reached skill level 8 in Earth Magic
  4862 | D:6      | Reached skill level 1 in Summonings
  4919 | D:6      | HP: 2/64 [orc priest/divine providence (10)]
  4946 | D:6      | Noticed a hippogriff
  4963 | D:6      | Slain by a hippogriff

Illustrated notes

Levels and vault maps discovered:
D:1:      roderic_crop_circles_arrival_small, layout_loops_ring,
          minmay_misc_feat_rows
D:2:      layout_rooms, chequers_ecumenical_altar_simple
D:3:      layout_basic
D:4:      layout_rooms, fedhas_ov_isle_minmay, minmay_manual_moon, uniq_natasha
D:5:      layout_gridville, basic_altar, first_ration, serial_glass,
          glass_columns_a, glass_columns_a
D:6:      layout_cave_pools, minivault_4, kennysheep_okawaru_gauntlet

Skill      XL: |  1  2  3  4  5  6  7  8 |
---------------+-------------------------+-----
Spellcasting   | 2 3 4 5 6 |  6.0
Earth Magic    | 5 6 7 8 |  8.3
Short Blades   | 1 |  1.1
Armour         | 1 2 |  2.4
Fighting       | 1 |  1.1
Summonings     | 1 |  1.3
Dodging        | |  2.9
Stealth        | |  2.9
Transmutations | |  0.8

Action                   |  1- 3 |  4- 6 |  7- 9 || total
-------------------------+-------+-------+-------++-------
Melee: Unarmed           |     2 |       |       ||     2
       Dagger            |    84 |       |    49 ||   133
 Cast: Sandblast         |    61 |    50 |    58 ||   169
       Stone Arrow       |     1 |       |       ||     1
       Summon Small Mamm |       |       |     2 ||     2
 Abil: Heal Wounds       |     1 |       |       ||     1
  Use: Scroll            |     6 |     2 |     5 ||    13
       Potion            |     2 |       |     5 ||     7
  Eat: Chunk             |     5 |     5 |     1 ||    11
       Ration            |       |       |     1 ||     1
Armor: Robe              |     9 |       |       ||     9
       Ring mail         |    17 |     4 |    25 ||    46
Dodge: Dodged            |    60 |     6 |    36 ||   102
Block: Other             |     9 |     6 |    13 ||    28
       Reflection        |     1 |       |       ||     1
